 Dungeon Crawl Stone Soup version 0.26-a0-487-gbff1e92059 (webtiles) character file.

Game seed: 4357761440337497387

443 ReteAZ the Ruffian (level 6, -1/59 HPs)
             Began as a Troll Fighter on Aug 2, 2020.
             Slain by an orc (3 damage)
             ... on level 4 of the Dungeon.
             The game lasted 00:02:25 (2452 turns).

ReteAZ the Ruffian (Troll Fighter)                  Turns: 2452, Time: 00:02:26

Health: -1/59      AC:  6    Str: 25    XL:     6   Next: 71%
Magic:  5/5        EV:  8    Int:  6    God:
Gold:   139        SH:  8    Dex:  9    Spells: 5/5 levels left

rFire    . . .     SeeInvis .     - Unarmed
rCold    . . .     Faith    .   b - +0 kite shield
rNeg     . . .     Spirit   .   a - +0 robe
rPois    .         Reflect  .   (helmet restricted)
rElec    .         Harm     .   (no cloak)
rCorr    .                      (gloves unavailable)
MR       .....                  (boots unavailable)
Stlth    +.........             (no amulet)
HPRegen  0.59/turn              (no ring)
MPRegen  0.09/turn              (no ring)

@: no status effects
A: large, unfitting armour, claws 3, regeneration 1, shaggy fur 1, tough skin 3
a: no special abilities


You were on level 4 of the Dungeon.
You visited 1 branch of the dungeon, and saw 4 of its levels.

You collected 139 gold pieces.

Inventory:

Missiles
 o - 32 poisoned darts (quivered)
 s - 3 boomerangs
Armour
 a - a +0 robe (worn)
 b - a +0 kite shield (worn)
Jewellery
 e - a cursed ring of teleportation {unknown}
 h - an uncursed ring of positive energy {unknown}
Wands
 q - a wand of digging (2)
Scrolls
 f - a scroll of amnesia {unknown}
 i - 3 scrolls of identify {unknown}
 k - a scroll of magic mapping {unknown}
 l - a scroll of fear {unknown}
 m - a scroll of remove curse {unknown}
 p - 2 scrolls of enchant armour {unknown}
 r - 2 scrolls of blinking {unknown}
Potions
 c - 4 potions of might
 d - a potion of heal wounds {unknown}
 g - a potion of magic {unknown}
 j - 4 potions of curing {unknown}
 n - 2 potions of invisibility {unknown}


   Skills:
 - Level 2.4 Fighting
 - Level 2.4 Dodging
 - Level 2.4 Shields
 + Level 7.3 Unarmed Combat


You had 5 spell levels left.
You didn't know any spells.
Your spell library was empty.

Dungeon Overview and Level Annotations

Branches:
Dungeon (4/15)
 Temple: D:4-7

Altars:

Shops:
D:4 *


Innate Abilities, Weirdness & Mutations

You are too large for most types of armour.
You have claws for hands.
Your natural rate of healing is unusually fast.
You are covered in fur. (AC +1)
You have extremely tough skin. (AC +3)


Message History

You barely miss the ogre.
The ogre is severely wounded.
The orc barely misses you. The ogre hits you with a +0 giant club!
* * * LOW HITPOINT WARNING * * *
You claw the ogre!
The ogre is almost dead.
You block the orc's attack.
Okay, then.
You mangle the ogre!!
You kill the ogre!
Your life force feels restored.
Your Unarmed Combat skill increases to level 7!
The orc hits you but does no damage.
You completely miss the orc. The orc hits you but does no damage.
You barely miss the orc. The orc hits you.
* * * LOW HITPOINT WARNING * * *
You scratch the orc.
The orc is severely wounded.
The orc hits you.
You die...

#.......#.#...#
...
#.............#.
#.
##....#.........
###.............#
#..............#
##......##.....#
####......)...###
##.###)o.....#
### #@#...... ###
...## ...# ..# .#
.


You could see an orc.

Vanquished Creatures
  Edmund (D:4)
  An ogre (D:4)
  A centaur skeleton (D:4)
  A worker ant (D:4)
  A hound skeleton (D:4)
  4 gnolls (D:4)
  6 adders
  An ooze (D:3)
  An adder skeleton (D:4)
  3 worms
  2 dart slugs (D:1)
  4 orcs
  A ball python (D:3)
  5 bats
  3 giant cockroaches
  4 goblins
  6 hobgoblins
  4 jackals (D:3)
  3 quokkas
  6 frilled lizards
  5 kobolds
  5 rats
68 creatures vanquished.

Notes
Turn   | Place    | Note
-------+----------+-------------------------------------------
     0 | D:1      | ReteAZ the Troll Fighter began the quest for the Orb.
     0 | D:1      | Reached XP level 1. HP: 22/22 MP: 0/0
    73 | D:1      | Reached XP level 2. HP: 29/29 MP: 1/1
   280 | D:1      | Reached skill level 3 in Unarmed Combat
   673 | D:2      | Reached XP level 3. HP: 31/36 MP: 2/2
   807 | D:2      | Reached skill level 4 in Unarmed Combat
  1240 | D:3      | Reached XP level 4. HP: 44/44 MP: 3/3
  1546 | D:3      | Reached skill level 5 in Unarmed Combat
  1555 | D:3      | Found a faded altar of an unknown god.
  2206 | D:4      | Reached XP level 5. HP: 50/50 MP: 4/4
  2222 | D:4      | Found Qanuhio's Assorted Antiques.
  2358 | D:4      | Reached skill level 6 in Unarmed Combat
  2426 | D:4      | Noticed Edmund
  2433 | D:4      | Noticed an ogre
  2441 | D:4      | Killed Edmund
  2441 | D:4      | Reached XP level 6. HP: 48/59 MP: 5/5
  2447 | D:4      | HP: 1/59 [ogre/+0 giant club (14)]
  2449 | D:4      | Reached skill level 7 in Unarmed Combat
  2452 | D:4      | Slain by an orc

Illustrated notes

Levels and vault maps discovered:
D:1:      nicolae_arrival_washed_ashore, layout_basic
D:2:      layout_basic
D:3:      layout_basic, chequers_ecumenical_altar_simple_redux
D:4:      layout_cave_pools, lemuel_temple_firewalk_a, serial_shops,
          nicolae_shop_window_shopping, roderic_roman_lattice, uniq_edmund

Skill      XL: |  1  2  3  4  5  6 |
---------------+-------------------+-----
Unarmed Combat | 3 4 5 6 7 |  7.3
Fighting       | |  2.4
Dodging        | |  2.4
Shields        | |  2.4

Action                   |  1- 3 |  4- 6 || total
-------------------------+-------+-------++-------
Melee: Unarmed           |    94 |   112 ||   206
Throw: Dart              |       |     1 ||     1
Armor: Robe              |    41 |    22 ||    63
Dodge: Dodged            |    35 |    36 ||    71
Block: Kite shield       |    45 |    49 ||    94

Table legend: (Time is in decaauts)
 A = Elapsed time spent in this place.
 B = Non-inter-level travel time spent in this place.
 C = Inter-level travel time spent in this place.
 D = Time resting spent in this place.
 E = Time spent auto-exploring this place.
 F = Levels seen in this place.
 G = Mean time per level.
                   A        B        C        D        E       F      G
               +--------+--------+--------+--------+--------+-----+--------+
         Total |   2449 |   2368 |     81 |     46 |   1896 |   4 |  612.2 |
       Dungeon |   2449 |   2368 |     81 |     46 |   1896 |   4 |  612.2 |
               +--------+--------+--------+--------+--------+-----+--------+

Top non-repeatable levels by time:
     D:3: 1063 daAuts
     D:1: 613 daAuts
     D:2: 551 daAuts
     D:4: 221 daAuts
